 Dungeon Sprint DCSS version 0.17.0-22-g5edae84 (webtiles) character file.

21 hexophile the Slasher (level 2, -10/24 HPs)
             Began as a Demonspawn Gladiator on Nov 12, 2015.
             Was a Believer of Makhleb.
             Mangled by an ogre
             ... wielding a +0 giant club
              (24 damage)
             ... in the Dungeon (Sprint VII: "The Pits").
             The game lasted 00:00:52 (236 turns).

hexophile the Slasher (Demonspawn Gladiator)         Turns: 236, Time: 00:00:52

Health: -10/24     AC:  4    Str: 15    XL:     2   Next: 65%
Magic:  2/2        EV: 12    Int:  9    God:    Makhleb [**....]
Gold:   0          SH:  0    Dex: 13    Spells: 0 memorised, 1 level left

rFire  . . .     SeeInvis .     p - +2 falchion
rCold  . . .     Clarity  .     b - +0 leather armour
rNeg   . . .     SustAt   .     (no shield)
rPois  .         Gourm    .     c - +0 helmet
rElec  .         Spirit   .     (no cloak)
rCorr  .         Warding  .     (no gloves)
rMut   .         NoTele   +     (no boots)
MR     .....                    (no amulet)
Stlth  +.........               (no ring)
                                (no ring)

@: lethally poisoned (-10 -> -12), not resistant to hostile enchantments, very
unstealthy
A: hooves 1
a: Minor Destruction, Renounce Religion


You were in the Dungeon.
You worshipped Makhleb.
Makhleb was pleased with you.
You were not hungry.

You visited 1 branch


Innate Abilities, Weirdness & Mutations

You have large cloven feet.

Inventory:

Hand Weapons
 p - a +2 falchion (weapon)
Missiles
 F - 3 throwing nets (quivered) {+f}
Armour
 b - a +0 leather armour (worn)
 c - a +0 helmet (worn)
Scrolls
 k - a scroll of blinking
 n - 3 scrolls of remove curse
 o - a scroll of summoning
Potions
 e - 2 potions of invisibility
 f - a potion of curing
 g - a potion of heal wounds
 h - a potion of haste
 i - 4 potions of magic
 j - 3 potions of berserk rage
Comestibles
 d - a chunk of flesh
 l - 40 fruits
 m - 7 meat rations
 r - 8 bread rations


You had one spell level left.
You didn't know any spells.


   Skills:
 * Level 3.6 Fighting
 * Level 4.8 Long Blades
 - Level 1.7 Throwing
 - Level 2.6 Dodging

Dungeon Overview and Level Annotations

Branches:
Dungeon (1/1)

Altars:
Ashenzari
Cheibriados
Dithmenos
Elyvilon
Fedhas
Kikubaaqudgha
Makhleb
Nemelex Xobeh
Okawaru
Ru
Sif Muna
Trog
Vehumet
Xom
Yredelemnul
Zin
The Shining One
Beogh
Jiyva
Lugonu

Vault maps used:
D:        pitsprint
You       could see an ogre.


Message History

The adder barely misses you.
You closely miss the adder.
The adder is moderately wounded.
The adder closely misses you. The adder barely misses you.
You closely miss the adder.
The adder is moderately wounded.
The adder completely misses you.
You barely miss the adder. You kick the adder, but do no damage.
The adder is moderately wounded.
The adder barely misses you.
You hit the adder.
The adder is severely wounded.
The adder bites you. x2
You are poisoned.
The adder poisons you! !MASSIVE DAMAGE!
YOU LOST 7 HP!
You have now: 13/23 HP.
You slash the adder!
You kill the adder!
Makhleb accepts your kill.
Your Fighting skill increases to level 3!
You feel sick.
The ball python bites you but does no damage.
The ball python closely misses you.
You got additional 1 HP.
You lost 1 HP.
You have now: 12/24 HP.
Unknown command.
You closely miss the ball python. The ball python barely misses you.
The ball python closely misses you.
You barely miss the ball python. Your kick misses the ball python.
The ball python bites you but does no damage.
The ball python barely misses you.
Unknown command.
You hit the ball python.
You kill the ball python!
Makhleb accepts your kill.
You feel better.
You feel sick.
You hit the rat.
You kill the rat!
Makhleb accepts your kill.
You can now harness Makhleb's destructive might.
You feel better.
Unknown command.
You hit the ogre.
The ogre is lightly wounded.
The ogre barely misses you.
You slash the ogre!
The ogre is moderately wounded.
The ogre hits you with a giant club!!
Ouch! That really hurt!
You die...

Action                   || total
-------------------------++-------
Melee: Falchion          ||    27
       Long sword        ||     2

Notes
Turn   | Place    | Note
--------------------------------------------------------------
     0 | D        | hexophile the Demonspawn Gladiator began the quest for the Orb.
     0 | D        | Reached XP level 1. HP: 16/16 MP: 1/1
    12 | D        | Reached skill level 3 in Long Blades
    24 | D        | Found a sacrificial altar of Ru.
    24 | D        | Found a basalt altar of Yredelemnul.
    24 | D        | Found a shadowy altar of Dithmenos.
    24 | D        | Found a deep blue altar of Sif Muna.
    24 | D        | Found a burning altar of Makhleb.
    24 | D        | Found a shimmering altar of Xom.
    24 | D        | Found an ancient bone altar of Kikubaaqudgha.
    24 | D        | Found a sparkling altar of Nemelex Xobeh.
    26 | D        | Found a bloodstained altar of Trog.
    26 | D        | Found a corrupted altar of Lugonu.
    26 | D        | Found a viscous altar of Jiyva.
    34 | D        | Found a glowing golden altar of the Shining One.
    34 | D        | Found a shattered altar of Ashenzari.
    34 | D        | Found a white marble altar of Elyvilon.
    34 | D        | Found a snail-covered altar of Cheibriados.
    34 | D        | Found a blossoming altar of Fedhas.
    34 | D        | Found a radiant altar of Vehumet.
    34 | D        | Found a glowing silver altar of Zin.
    34 | D        | Found a roughly hewn altar of Beogh.
    34 | D        | Found an iron altar of Okawaru.
    70 | D        | Became a worshipper of Makhleb the Destroyer
   134 | D        | Reached skill level 4 in Long Blades
   138 | D        | Reached * piety under Makhleb
   138 | D        | Gained mutation: You have large cloven feet. [demonic ancestry]
   138 | D        | Reached XP level 2. HP: 13/23 MP: 2/2
   218 | D        | Noticed an ogre
   230 | D        | Reached skill level 3 in Fighting
   234 | D        | Reached ** piety under Makhleb
   236 | D        | Mangled by an ogre

Table legend:
 A = Turns spent in this place as a percentage of turns spent in the entire game.
 B = Non-inter-level travel turns spent in this place as a percentage of non-inter-level travel turns spent in the entire game.
 C = Inter-level travel turns spent in this place as a percentage of turns spent in this place.
 D = Turns resting spent in this place as a percentage of non-inter-level travel turns spent in this place.
 E = Turns spent auto-exploring this place as a percentage of non-inter-level travel turns spent in this place.
 F = Non-inter-level travel turns spent in this place divided by the number of levels of this place that you've seen.
                   A       B       C       D       E      F
               +-------+-------+-------+-------+-------+----------------------
         Total | 100.0 | 100.0 |   0.0 |   4.8 |   0.8 | 126.0
       Dungeon | 100.0 | 100.0 |   0.0 |   4.8 |   0.8 | 126.0
               +-------+-------+-------+-------+-------+----------------------

Table legend:
 A = Kills in this place as a percentage of kills in entire the game.
 B = Kills by you in this place as a percentage of kills by you in the entire game.
 C = Kills by friends in this place as a percentage of kills by friends in the entire game.
 D = Other kills in this place as a percentage of other kills in the entire game.
 E = Experience gained in this place as a percentage of experience gained in the entire game.
 F = Experience gained in this place divided by the number of levels of this place that you have seen.
                   A       B       C       D       E      F
               +-------+-------+-------+-------+-------+----------------------
         Total | 100.0 | 100.0 |  -nan |  -nan | 100.0 |  31.0
       Dungeon | 100.0 | 100.0 |  -nan |  -nan | 100.0 |  31.0
               +-------+-------+-------+-------+-------+----------------------

Vanquished Creatures
  An adder (D)
  An ooze (D)
  2 giant geckos (D)
  A hobgoblin (D)
  A ball python (D)
  2 rats (D)
8 creatures vanquished.
